 Dungeon Crawl Stone Soup version 0.15-a0-2166-gae745b9 (webtiles) character file.

9586 fransbal the Carver (level 11, -8/83 HPs)
             Began as a Vampire Necromancer on July 18, 2014.
             Was a Believer of Ashenzari.
             Mangled by a minotaur
             ... wielding a +1 cutlass of venom
              (10 damage)
             ... in a labyrinth on July 20, 2014.
             The game lasted 01:18:48 (13837 turns).

fransbal the Carver (Vampire Necromancer)          Turns: 13837, Time: 01:18:50

HP  -8/83        AC 16     Str  8      XL: 11   Next: 25%
MP  13/22        EV 10     Int 22      God: Ashenzari [**....]
Gold 880         SH  0     Dex 14      Spells:  6 memorised,  2 levels left

rFire  . . .     SeeInvis +     d - +0 long sword (vamp) (curse)
rCold  + . .     Clarity  .     x - +7 ring mail of Crawling {rC+ SInv}
rNeg   + . .     rCorr    +     (no shield)
rPois  .         rRot     .     u - +1 hat {Int+3} (curse)
rElec  .         Spirit   .     (no cloak)
SustAb .         Warding  .     j - +0 pair of gloves (curse)
rMut   .         Stasis   .     (no boots)
Gourm  .                        P - cursed amulet of resist corrosion
MR     +....                    (no ring)
                                (no ring)

@: lethally poisoned, somewhat resistant to hostile enchantments, unstealthy
A: bottle blood, fangs 3, see invisible, unbreathing
a: Bat Form, Bottle Blood, Renounce Religion


You were in a labyrinth.
You worshipped Ashenzari.
Ashenzari was pleased with you.
You were not thirsty.

You visited 3 branches of the dungeon, and saw 13 of its levels.
You also visited: Labyrinth and Sewer.

You collected 880 gold pieces.


Innate Abilities, Weirdness & Mutations

You can bottle blood from corpses.
You have razor-sharp teeth.*
You have supernaturally acute eyesight.
You can survive without breathing.*


   Skills:
 + Level 6.8 Fighting
 - Level 10.3(12.4) Long Blades
 - Level 7.3(8.8) Armour
 + Level 6.4(7.9) Dodging
 - Level 3.6 Stealth
 - Level 4.3 Spellcasting
 - Level 6.5 Necromancy


You had 2 spell levels left.
You knew the following spells:

 Your Spells              Type           Power        Failure   Level  Hunger
a - Pain                  Necr           ####         1%          1    None
b - Vampiric Draining     Necr           ####......   4%          3    ###....
c - Regeneration          Chrm/Necr      ###.......   17%         3    ###....
d - Animate Dead          Necr           N/A          14%         4    ####...
i - Control Undead        Necr           ####......   14%         4    ####...
n - Animate Skeleton      Necr           N/A          1%          1    None

Inventory:

Hand weapons
 d - a cursed +0 vampiric long sword (weapon)
 l - a +0 short sword
 M - a +0 blowgun
Missiles
 m - 40 poisoned needles
 B - 30 stones (quivered)
Armour
 j - a cursed +0 pair of gloves (worn)
 u - a cursed +1 hat of intelligence (worn)
 x - the cursed +7 ring mail of Crawling (worn) {rC+ SInv}
   (You found it on level 4 of the Dungeon)

   It protects you from cold.
   It enhances your eyesight.
   It has a curse placed upon it.
 H - a +2 scale mail of fire resistance
Magical devices
 p - a wand of teleportation (6)
 w - a wand of draining (0)
 D - a wand of fire (0)
 I - a wand of slowing (3)
 L - a wand of confusion (16)
 N - a wand of cold (0)
 Q - a wand of enslavement (9)
Scrolls
 g - 4 scrolls of identify
 h - 2 scrolls of amnesia
 k - 2 scrolls of teleportation
 t - a scroll of curse armour
 z - a scroll of curse weapon
 J - a scroll of immolation
 K - a scroll of blinking
 O - 3 scrolls of remove curse
 R - a scroll of recharging
 T - a scroll of enchant armour
 V - a scroll of holy word {unknown}
 W - a scroll of brand weapon {unknown}
Jewellery
 G - an uncursed ring of ice
 P - a cursed amulet of resist corrosion (around neck)
Potions
 a - a potion of flight {unknown}
 c - 3 potions of berserk rage {!q}
 f - 2 potions of might
 n - 3 potions of agility {unknown}
 r - 2 potions of restore abilities {unknown}
 s - 2 potions of heal wounds {unknown}
 C - a potion of invisibility {unknown}
 S - a potion of haste {unknown}
 Z - 3 potions of lignification {!q}
Books
 b - a book of Necromancy

   Spells                             Type                      Level
   *Pain                              Necromancy                   1
   *Animate Skeleton                  Necromancy                   1
   *Vampiric Draining                 Necromancy                   3
   *Regeneration                      Charms/Necromancy            3
   *Animate Dead                      Necromancy                   4
   *Control Undead                    Necromancy                   4
 i - a book of the Tempests

   Spells                             Type                      Level
   Static Discharge                   Conjuration/Air              3
   Lightning Bolt                     Conjuration/Air              5
   Fireball                           Conjuration/Fire             5
   Tornado                            Air                          9
   Shatter                            Earth                        9
 A - a book of Dreams

   Spells                             Type                      Level
   Ensorcelled Hibernation            Hexes/Ice                    2
   Flight                             Charms/Air                   3
   Phase Shift                        Translocation                5
   Shadow Creatures                   Summoning                    5
   Mass Confusion                     Hexes                        6
   Darkness                           Hexes                        7
 F - a book of Maledictions

   Spells                             Type                      Level
   Corona                             Hexes                        1
   Sure Blade                         Hexes/Charms                 2
   Ensorcelled Hibernation            Hexes/Ice                    2
   Confuse                            Hexes                        3
   Dazzling Spray                     Conjuration/Hexes            3
   Enslavement                        Hexes                        4
Magical staves
 v - an uncursed staff of fire
 y - an uncursed staff of poison {!a}
Rods
 E - a +3 rod of clouds (11/11) {!a}
   (You found it on level 9 of the Dungeon)


Message History

Zapping:
D - a wand of fire {zapped: 6}
Press: ? - help, Shift-Dir - straight line, f/p - minotaur
Aim: a minotaur, wielding a cutlass of venom, wearing a shiny plate armour and wearing a vibrating amethyst amulet (severely wounded)
The bolt of fire hits the minotaur.
The minotaur is almost dead.
The minotaur hits you with a cutlass of venom!
* * * LOW HITPOINT WARNING * * *
You are lethally poisoned!
The minotaur barely misses you.
Evoke which item? (* to show all) (? for menu, Esc to quit)
Zapping:
D - a wand of fire {zapped: 7}
Press: ? - help, Shift-Dir - straight line, f/p - minotaur
Aim: a minotaur, wielding a cutlass of venom, wearing a shiny plate armour and wearing a vibrating amethyst amulet (almost dead) Nothing appears to happen.
* * * LOW HITPOINT WARNING * * *
You feel sick.
The minotaur hits you but does no damage.
You are more poisoned.
The minotaur gores you!
You die...

. ## # . # .# ## #
# ..# . .. # ###
#.### # # # . .
.... . . .
#######.### # . . #
#. .....#...# #.# .
# . .
##..####.##@.#.#.##
# . #
.........H.........
#
.##.###'###.######.
. ... .#..#... . .
..## ###.##.# # .
.# .¤. #....# . .
~¤ #.. # . .. ¤¤~
~#..#. . #.#..#####
#.# . . .


You could see a minotaur.

Vanquished Creatures
  2 hydras (Lair:2)
  Pikel (D:8)
  2 spiny frogs (Lair:1)
  2 black mambas
  A fire drake (Lair:2)
  A komodo dragon (Lair:2)
  A troll (D:5)
  A baby alligator (shapeshifter) (D:8)
  A shadow (Lab)
  6 yaks
  2 hippogriffs
  2 hungry ghosts (Lab)
  Edmund (D:6)
  3 ice beasts
  4 porcupines
  A phantom (D:8)
  3 water moccasins
  A sky beast (D:8)
  6 centaurs
  A crocodile (Sewer)
  An ogre (D:4)
  Sigmund (D:3)
  4 giant frogs
  4 big kobolds
  2 scorpions
  A yak skeleton (D:8)
  4 crimson imps
  4 hounds
  A jelly (D:8)
  2 orc priests
  5 orc wizards
  3 iguanas
  6 sheep (Lair:2)
  4 worker ants
  An ogre zombie (D:5)
  6 green rats
  A gnoll (D:1)
  15 adders
  3 giant mites
  A shadow imp (D:5)
  4 worms
  6 giant geckos
  2 oozes
  23 orcs
  8 giant cockroaches
  12 hobgoblins
  8 jackals
  28 kobolds
  6 quokkas
  29 bats
  8 giant newts
  19 goblins
  A goblin skeleton (D:4)
  A goblin zombie (D:5)
  24 rats
  A rat zombie (D:6)
291 creatures vanquished.

Vanquished Creatures (collateral kills)
  A spiny frog (Lair:1)
  A basilisk (Lair:2)
  A sky beast (D:8)
  A water moccasin (Lair:1)
  A necrophage (D:5)
  A centaur (D:6)
  A crocodile (Lair:1)
  A giant frog (D:6)
  A goliath beetle (D:8)
  2 hounds
  2 adders
  A green rat (D:8)
  A shadow imp (D:6)
  An orc (D:6)
  A goblin (D:4)
  A hobgoblin (D:1)
  A quokka (Lair:1)
  3 bats
  A giant newt skeleton (D:5)
  A hobgoblin zombie (D:5)
  2 kobolds
  A rat (D:1)
27 creatures vanquished.

Vanquished Creatures (others)
  A two-headed ogre (D:8)
  A deep elf fighter (D:8)
  A sky beast (D:8)
  2 slaves (D:8)
  A water moccasin zombie (Lair:2)
  A hippogriff zombie (Lair:2)
  A yak zombie (Lair:2)
  A troll skeleton (D:5)
  A crimson imp (D:8)
  A centaur skeleton (D:5)
  2 orc wizards (D:8)
  A giant frog skeleton (D:8)
  2 big kobold skeletons (D:8)
  A hound zombie (Lair:2)
  A green rat (D:8)
  2 adder skeletons (D:5)
  An adder zombie (Lair:2)
  4 sheep zombies (Lair:2)
  2 orcs (D:8)
  A bat skeleton (D:5)
  3 goblin skeletons (D:1)
  A green rat skeleton (D:3)
  5 kobold skeletons
  4 orc skeletons
  A quokka skeleton (D:5)
  A rat (D:8)
  A rat skeleton (D:8)
  2 fungi (D:8)
  2 plants (D:8)
48 creatures vanquished.

Grand Total: 366 creatures vanquished

Notes
Turn   | Place    | Note
--------------------------------------------------------------
     0 | D:1      | fransbal, the Vampire Necromancer, began the quest for the Orb.
     0 | D:1      | Reached XP level 1. HP: 13/13 MP: 3/3
    16 | D:1      | Learned a level 1 spell: Animate Skeleton
   316 | D:1      | Reached XP level 2. HP: 13/19 MP: 0/4
   646 | D:1      | Reached skill level 5 in Necromancy
   761 | D:1      | Reached XP level 3. HP: 15/24 MP: 1/6
  1375 | D:2      | Learned a level 3 spell: Vampiric Draining
  1405 | D:2      | Reached skill level 3 in Spellcasting
  1532 | D:2      | Reached XP level 4. HP: 21/30 MP: 6/9
  1596 | D:2      | Found an iron altar of Okawaru.
  1596 | D:2      | Found a bloodstained altar of Trog.
  2183 | D:3      | Noticed Sigmund
  2324 | D:3      | Learned a level 4 spell: Control Undead
  2417 | D:3      | Reached XP level 5. HP: 12/35 MP: 0/11
  2549 | D:3      | Found a glowing drain.
  2570 | Sewer    | Entered a sewer
  2879 | Sewer    | Reached skill level 6 in Necromancy
  3282 | D:3      | Reached XP level 6. HP: 23/41 MP: 5/15
  3549 | D:3      | Found a deep blue altar of Sif Muna.
  3553 | D:3      | Found a basalt altar of Yredelemnul.
  3555 | D:3      | Found a shattered altar of Ashenzari.
  3558 | D:3      | Upgraded the game from 0.15-a0-2150-g4d68560 to 0.15-a0-2164-g9cfb7c0
  3931 | D:4      | Reached skill level 1 in Fighting
  3932 | D:4      | gees
  3936 | D:4      | Learned a level 3 spell: Regeneration
  4069 | D:4      | Found a staircase to the Ecumenical Temple.
  4098 | Temple   | Entered the Ecumenical Temple
  4347 | D:4      | Found a stormy altar of Qazlal.
  4357 | D:4      | Found a blossoming altar of Fedhas.
  4381 | D:4      | Reached skill level 3 in Dodging
  4411 | D:4      | Got a fine ring mail
  4423 | D:4      | Identified the cursed +7 ring mail of Crawling {rC+ SInv} (You found it on level 4 of the Dungeon)
  4536 | D:3      | Became a worshipper of Ashenzari the Shackled
  4727 | D:4      | Reached skill level 1 in Long Blades
  4870 | D:4      | Reached skill level 1 in Armour
  4870 | D:4      | Reached XP level 7. HP: 39/48 MP: 6/17
  5083 | D:5      | Entered Level 5 of the Dungeon
  5142 | D:5      | nearly useless book
  5842 | D:5      | Reached skill level 3 in Long Blades
  5993 | D:5      | Noticed a troll
  6094 | D:5      | Killed a troll
  6094 | D:5      | Reached skill level 3 in Armour
  6094 | D:5      | Reached XP level 8. HP: 45/54 MP: 10/18
  6820 | D:6      | Found a white marble altar of Elyvilon.
  6828 | D:6      | Noticed Edmund
  6883 | D:6      | Killed Edmund
  7210 | D:6      | Found a glowing silver altar of Zin.
  7255 | D:6      | Reached skill level 6 in Long Blades
  7374 | D:6      | Found a shimmering altar of Xom.
  7375 | D:6      | Found a burning altar of Makhleb.
  7614 | D:6      | Found Lotent's Magic Scroll Shoppe.
  7929 | D:3      | Killed Sigmund
  7929 | D:3      | Reached XP level 9. HP: 42/59 MP: 12/20
  8769 | D:9      | Reached skill level 7 in Long Blades
  8838 | D:9      | Found a shadowy altar of Dithmenos.
  8924 | D:8      | Noticed Erolcha
  8930 | D:8      | Reached skill level 6 in Armour
  8931 | D:8      | found lair
  9141 | D:8      | Noticed Pikel
  9184 | D:8      | Killed Pikel
  9267 | D:8      | Reached skill level 8 in Long Blades
  9638 | D:8      | Reached skill level 9 in Long Blades
  9676 | D:8      | Found a staircase to the Lair.
  9955 | D:8      | Reached XP level 10. HP: 62/66 MP: 21/21
 10130 | D:9      | Found a glowing golden altar of the Shining One.
 10329 | D:9      | Acquired Ashenzari's first power
 10422 | D:8      | dangerous
 10422 | D:8      | Upgraded the game from 0.15-a0-2164-g9cfb7c0 to 0.15-a0-2166-gae745b9
 10608 | Lair:1   | Entered Level 1 of the Lair of Beasts
 10689 | Lair:1   | Noticed a black mamba
 10881 | Lair:1   | Reached skill level 3 in Fighting
 11231 | Lair:1   | Killed a black mamba
 11299 | Lair:1   | Reached skill level 10 in Long Blades
 12177 | Lair:2   | Learned a level 4 spell: Animate Dead
 12427 | Lair:2   | Noticed a black mamba
 12436 | Lair:2   | Killed a black mamba
 12436 | Lair:2   | Reached skill level 6 in Fighting
 12436 | Lair:2   | Reached XP level 11. HP: 78/81 MP: 11/22
 12554 | Lair:2   | Noticed a six-headed hydra
 12565 | Lair:2   | Killed a six-headed hydra
 12591 | Lair:2   | Noticed a six-headed hydra
 12604 | Lair:2   | Killed a seven-headed hydra
 12604 | Lair:2   | Reached skill level 6 in Dodging
 13073 | Lair:3   | Found a labyrinth entrance.
 13104 | Lab      | Entered a labyrinth
 13673 | Lab      | Found an exit through the horrors of the Abyss.
 13729 | Lab      | Noticed a minotaur
 13836 | Lab      | HP: 4/83 [minotaur/cutlass of venom (14)]
 13837 | Lab      | Mangled by a minotaur

Vault maps used:
D:1:      dpeg_arrival_water_temple_mockup, minivault_25, minmay_unequal
D:2:      gammafunk_temple_overflow_elements
D:3:      gammafunk_temple_overflow_forgotten, portal_sewer_entry_e,
          uniq_sigmund
D:4:      grunt_temple_overflow_forces_of_nature, temple_doors_e
D:5:      hangedman_cross_stitches, first_bread, serial_glass, glass_columns_a,
          glass_columns_c, minmay_strange_pillars
D:6:      grunt_temple_overflow_champion_of_chaos, elyvilon_altar_1,
          lemuel_round_altar, serial_shops, shop, uniq_edmund
D:8:      grunt_lair_entry_elf_guard_hut, special_room,
          hangedman_little_slice_of_home, uniq_pikel, uniq_erolcha
D:9:      overflow_temple_1_default, tso_metal_star
Temple:   circular_temple_6
Lair:1:   serial_forest, infiniplex_forest_lined_2, infiniplex_forest_lined_2,
          infiniplex_forest_straight_4, infiniplex_forest_lined_3_way,
          infiniplex_forest_end_2, infiniplex_forest_end_1,
          infiniplex_forest_zigzag_1
Lair:2:   grunt_megastairs_2
Lair:3:   lab_entry_generic, serial_bayou_shore_b, uniq_gastronok
Lab:      labyrinth_watery, lab_hedge, nicolae_lab_flowing_pool,
          nicolae_lab_t_cross, labyrinth_skeletal_remains, labyrinth_fake_exit,
          nicolae_lab_quarters, nicolae_lab_diamond
Sewer:    sewer_big_baddie

Action                   |  1- 3 |  4- 6 |  7- 9 | 10-12 || total
-------------------------+-------+-------+-------+-------++-------
Melee: Unarmed           |     9 |       |       |       ||     9
       Short sword       |     3 |     3 |       |       ||     6
       Long sword        |       |       |   427 |   372 ||   799
Throw: Stone             |       |       |     1 |       ||     1
 Cast: Pain              |    72 |   163 |   135 |    57 ||   427
       Animate Skeleton  |    12 |    16 |    23 |     8 ||    59
       Vampiric Draining |       |     4 |    29 |    22 ||    55
       Regeneration      |       |     3 |     3 |     9 ||    15
       Control Undead    |       |       |     7 |     2 ||     9
       Animate Dead      |       |       |       |     5 ||     5
 Abil: Bottle Blood      |       |     5 |    14 |     7 ||    26
Evoke: Wand              |       |     2 |     8 |    10 ||    20
  Use: Scroll            |     4 |     3 |    14 |     3 ||    24
       Potion            |       |       |    18 |    15 ||    33
 Stab: Distracted        |       |       |     3 |     1 ||     4
       Sleeping          |       |       |     2 |     2 ||     4
       Betrayed ally     |       |       |     1 |     1 ||     2
  Eat: Corpse            |     2 |     7 |     4 |     1 ||    14
